Map: Catalyst LE

Players

PartinG - Winner!

  • Race: Protoss Protoss
  • Spawn Location: 5:00

liquidthermy (uThermal)

  • Race: Protoss Protoss
  • League: Grandmaster
  • Spawn Location: 11:00

Event: HomeStory Cup XVII

VOD

Have the link to the VOD?

Description

Time

  • Played on: June 29, 2018, 4:46 p.m.
  • Length: 5:06

All games in this series

Show
View Real Time Build Order
Export as new Build Order

PartinG Protoss - Winner!

Build Orders: Phoenix Opening 

Get SALT Encoding   

  12  0:00  Probe  
  13  0:12  Probe  
  14  0:17  Pylon  
  14  0:24  Probe  
  15  0:32  Probe  
  15  0:37  Gateway  
  15  0:40  Probe  
  16  0:46  Assimilator  
  17  0:50  Probe  
  17  0:54  Assimilator  
  18  0:58  Probe  
  19  1:07  Probe  
  19  1:08  Gateway  
  20  1:18  Probe  
  20  1:25  Cybernetics Core  
  21  1:30  Probe  
  22  1:35  Pylon  
  22  1:42  Probe  
  23  1:54  Probe  
  26  2:01  Adept x2  
  26  2:02  Warp Gate  
  28  2:13  Pylon  
  28  2:20  Stargate  
  28  2:28  Adept  
  30  2:31  Adept  
  30  2:35  Pylon  
  32  2:55  Adept, Phoenix  
  32  2:58  Adept  
  38  3:11  Phoenix  
  42  3:41  Nexus  
  42  3:52  Void Ray  
  42  3:53  Shield Battery  
  42  3:54  Shield Battery  
  44  3:56  Pylon  
  44  4:03  Pylon  
  44  4:12  Sentry  
  44  4:15  Sentry  
  46  4:19  Gateway  
  46  4:36  Stalker  
  48  4:39  Stalker  
  50  5:03  Stalker x2  
Show
View Real Time Build Order
Export as new Build Order

liquidthermy Protoss 

Build Orders:  

Get SALT Encoding   

  12  0:01  Probe  
  13  0:13  Probe  
  14  0:17  Pylon  
  14  0:22  Probe  
  15  0:31  Probe  
  16  0:39  Gateway  
  16  0:41  Probe  
  16  0:47  Assimilator  
  17  0:53  Probe  
  18  1:05  Probe  
  18  1:07  Assimilator  
  19  1:13  Gateway  
  19  1:18  Probe  
  20  1:26  Cybernetics Core  
  20  1:30  Probe  
  21  1:37  Pylon  
  21  1:42  Probe  
  21  1:43  Warp Gate  
  22  1:53  Stalker  
  23  1:54  Probe  
  23  2:07  Sentry  
  27  2:13  Pylon  
  27  2:22  Stalker  
  29  2:33  Stalker  
  29  2:36  Gateway  
  31  2:40  Gateway  
  31  2:54  Stalker  
  31  2:57  Pylon  
  33  3:04  Stalker  
  35  3:11  Pylon  
  35  3:47  Pylon  
  35  3:49  Stalker  
  35  3:50  Stalker x2  
  35  3:54  Pylon  
  41  3:56  Stalker  
  43  4:16  Sentry, Stalker x2  
  49  4:32  Stalker  
  42  4:47  Sentry, Stalker  
  42  4:48  Stalker  
Tags
 
Add a new tag
Caveats
  • Supply blocks, unpowered buildings, or Contaminate may cause inaccurate times.
  • Supply counts are checked every 10 seconds.